[Event "Titled Tuesday Blitz July 18 Early 2023"]
[White "Acikel, Mert"]
[Black "Martin Barcelo, Carles"]
[WhiteFideId "12956465"]
[BlackFideId "24561444"]
[WhiteElo "2315"]
[BlackElo "2452"]
[Result "0-1"]
[Round "7"]
[TimeControl "180+2"]
[Date "2023.07.18"]
[WhiteClock "0:00:41"]
[BlackClock "0:00:14"]
[Board "144"]

1. e4 e6 2. d4 d5 3. Nd2 dxe4 4. Nxe4 Nd7 5. Nf3 Ngf6 6. Nxf6+ Nxf6 7. c3 c5 8. Ne5 a6 9. Be2 Bd6 10. O-O O-O 11. Bf4 Qc7 12. Re1 b5 13. Bf3 Bb7 14. dxc5 Bxf3 15. cxd6 Bxd1 16. dxc7 Bh5 17. Nc6 Nd5 18. Bd6 Rfc8 19. Rad1 Bxd1 20. Rxd1 f6 21. b3 Nxc3 22. Ne7+ Kf7 23. Rd3 Nd5 24. Nxc8 Rxc8 25. Kf1 Ke8 26. a4 Kd7 27. Bg3 Kc6 28. Ke2 e5 29. Kd2 Rxc7 30. f3 Rd7 31. Kc1 bxa4 32. bxa4 Rb7 33. Be1 Nf4 34. Rc3+ Kd5 35. Rc2 Kd4 36. Kd2 Nxg2 37. Bf2+ Kd5 38. a5 Rb5 39. Bb6 Nf4 40. Rc7 Ne6 41. Rd7+ Kc6 42. Re7 Kd6 43. Ra7 Nc5 44. Rxg7 Nb3+ 45. Ke3 Nxa5 46. Bc7+ Ke6 47. Rxh7 Rb7 0-1


[Site "https://www.chess.com"]

[Event "Titled Tuesday Blitz July 18 Early 2023"]
[White "JonSnowNW1"]
[Black "EdmundPlayer"]
[WhiteElo "2439"]
[BlackElo "2309"]
[Result "1-0"]
[Round "7"]
[TimeControl "180+2"]
[Date "2023.07.18"]
[WhiteClock "0:00:08"]
[BlackClock "0:00:03"]
[Board "145"]

1. c4 e5 2. Nc3 Nf6 3. g3 d5 4. cxd5 Nxd5 5. Bg2 Nb6 6. Nf3 Nc6 7. O-O Be7 8. d3 O-O 9. a3 Re8 10. Be3 Bf8 11. Rc1 f6 12. Ne4 Be6 13. Nc5 Bxc5 14. Bxc5 Qd7 15. Re1 Nd5 16. Qd2 b6 17. Be3 Na5 18. Qc2 Nxe3 19. fxe3 Rac8 20. b4 Nb3 21. Rb1 Qa4 22. Nd2 Nc5 23. Qxa4 Nxa4 24. Bc6 Nc3 25. Rbc1 Na2 26. Rc2 Red8 27. Nc4 a6 28. b5 axb5 29. Bxb5 c6 30. Ba6 Ra8 31. Bb7 Rab8 32. Bxc6 b5 33. Na5 b4 34. axb4 Nxb4 35. Rcc1 Rd6 36. Bg2 Ra6 37. Nc4 Rc8 38. Rb1 Nc2 39. Rec1 Bxc4 40. Rxc2 Be6 41. Rxc8+ Bxc8 42. Rb8 Ra1+ 43. Kf2 Rc1 44. Bb7 Kf7 45. Rxc8 Rb1 46. Bd5+ Kg6 47. Rc7 Rd1 48. Rc8 Kh6 49. Be4 Ra1 50. Rh8 g6 51. g4 Kg5 52. Kg3 h6 53. h4# 1-0


[Site "https://www.chess.com"]

[Event "Titled Tuesday Blitz July 18 Early 2023"]
[White "Schut, Han"]
[Black "Matyukov, Petr"]
[WhiteFideId "1005561"]
[BlackFideId "4103688"]
[WhiteElo "2307"]
[BlackElo "2431"]
[Result "0-1"]
[Round "7"]
[TimeControl "180+2"]
[Date "2023.07.18"]
[WhiteClock "0:00:00"]
[BlackClock "0:00:04"]
[Board "146"]

1. e4 c6 2. d4 d5 3. exd5 cxd5 4. c4 Nf6 5. Nc3 g6 6. cxd5 Bg7 7. Bb5+ Nbd7 8. d6 exd6 9. Qe2+ Kf8 10. Bf4 Nb6 11. a4 a6 12. Bd3 Nbd5 13. Bg3 Bg4 14. f3 Be6 15. Qd2 Rc8 16. Nge2 Nh5 17. O-O Nxg3 18. hxg3 Qb6 19. Be4 Nf6 20. a5 Nxe4 21. Nxe4 Qd8 22. Rfc1 h6 23. Rxc8 Bxc8 24. Qb4 Kg8 25. Qxd6 Kh7 26. Qxd8 Rxd8 27. Rd1 Be6 28. b4 Bc4 29. N4c3 Bf8 30. Rb1 Bd3 31. Rb2 Bg7 32. Kf2 Rxd4 33. Ke3 Rd8 34. Rb3 Bc4 35. Rb1 Rd3+ 36. Kf2 Bxc3 37. Rc1 Rd2 38. Rxc3 Bxe2 39. Ke3 Ra2 40. Rc7 Bb5 41. Rxf7+ Kg8 42. Rc7 Ra3+ 43. Kf4 Rb3 44. Ke5 Rxb4 45. Kf6 Be8 46. Rxb7 Rxb7 0-1


[Site "https://www.chess.com"]

[Event "Titled Tuesday Blitz July 18 Early 2023"]
[White "Baches Garcia, Guillermo"]
[Black "Wang, Alexander J"]
[WhiteFideId "2209764"]
[BlackFideId "30955270"]
[WhiteElo "2428"]
[BlackElo "2297"]
[Result "1-0"]
[Round "7"]
[TimeControl "180+2"]
[Date "2023.07.18"]
[WhiteClock "0:00:09"]
[BlackClock "0:00:19"]
[Board "147"]

1. e4 c5 2. Nf3 d6 3. d4 cxd4 4. Nxd4 Nf6 5. Nc3 g6 6. Be3 Bg7 7. f3 O-O 8. Qd2 Nc6 9. O-O-O d5 10. Nxc6 bxc6 11. Bh6 Be6 12. Bxg7 Kxg7 13. exd5 cxd5 14. g4 h6 15. h4 Qa5 16. g5 hxg5 17. hxg5 Nh5 18. Qd4+ Kg8 19. Rxh5 gxh5 20. Bd3 Qb6 21. Qh4 Qe3+ 22. Kb1 Qxf3 23. g6 fxg6 24. Qxe7 Bf5 25. Be2 Qf2 26. Rf1 Qxf1+ 27. Bxf1 Rae8 28. Qh4 d4 29. Bc4+ Kh7 30. Ne2 Bg4 31. b3 Bxe2 32. Bxe2 Rxe2 33. Qxd4 Re7 34. Qd6 Ref7 35. c4 Rf1+ 36. Kb2 R1f2+ 37. Ka3 R2f7 38. c5 Rg8 39. c6 Rgg7 40. b4 Rc7 41. b5 Rgf7 42. Kb4 Rfe7 43. a4 Re4+ 44. Kb3 Ree7 45. a5 Re3+ 46. Kb4 Re4+ 47. Kc5 Ree7 48. b6 axb6+ 49. axb6 Rxc6+ 50. Kxc6 Re1 51. b7 Rc1+ 52. Kd7 Rb1 53. b8=Q Rxb8 54. Qxb8 Kh6 55. Ke6 Kg5 56. Qg3+ 1-0


[Site "https://www.chess.com"]

[Event "Titled Tuesday Blitz July 18 Early 2023"]
[White "Mikhaylova, Irina"]
[Black "Vivas Zamora, Fabian Ernesto"]
[WhiteFideId "4109040"]
[BlackFideId "3902480"]
[WhiteElo "2292"]
[BlackElo "2412"]
[Result "0-1"]
[Round "7"]
[TimeControl "180+2"]
[Date "2023.07.18"]
[WhiteClock "0:00:35"]
[BlackClock "0:00:40"]
[Board "148"]

1. d4 Nf6 2. Nf3 g6 3. c4 Bg7 4. Nc3 d5 5. cxd5 Nxd5 6. Na4 O-O 7. e4 Nb6 8. Be3 Bg4 9. Be2 Nc6 10. d5 Ne5 11. Nxb6 Bxf3 12. gxf3 axb6 13. f4 Nd7 14. Qc2 Nc5 15. a3 e6 16. Rd1 exd5 17. Rxd5 Qe7 18. Bxc5 bxc5 19. Rxc5 Bxb2 20. Rxc7 Qxa3 21. O-O Bg7 22. Rxb7 Qd6 23. f5 Qf4 24. Kg2 Be5 25. Rh1 Qg5+ 26. Kf3 Rfc8 27. Bc4 Ra3+ 28. Ke2 Qg4+ 29. Kd2 Bf4+ 30. Ke1 Ra1+ 31. Rb1 Rxc4 0-1


[Site "https://www.chess.com"]

[Event "Titled Tuesday Blitz July 18 Early 2023"]
[White "Rosh Jain"]
[Black "Barwinska, Ewa"]
[WhiteFideId "25789465"]
[BlackFideId "21833761"]
[WhiteElo "2411"]
[BlackElo "2287"]
[Result "1-0"]
[Round "7"]
[TimeControl "180+2"]
[Date "2023.07.18"]
[WhiteClock "0:00:40"]
[BlackClock "0:00:02"]
[Board "149"]

1. e4 c5 2. Nf3 d6 3. d4 cxd4 4. Nxd4 Nf6 5. Nc3 a6 6. Bc4 e6 7. Bb3 Nbd7 8. O-O Nc5 9. Bg5 Be7 10. Re1 h6 11. Bh4 O-O 12. f4 b5 13. Nc6 Qc7 14. Nxe7+ Qxe7 15. e5 Nxb3 16. axb3 dxe5 17. fxe5 Qb4 18. Bxf6 gxf6 19. exf6 Qc5+ 20. Kh1 Bb7 21. Qg4+ Qg5 22. Qxg5+ hxg5 23. Re5 Kh7 24. Rd1 Rad8 25. Rxd8 Rxd8 26. Rxg5 b4 27. Ne2 Rd2 28. Ng1 Rxc2 29. h4 Rxb2 30. Kh2 Kh8 31. Rg7 a5 32. Kh3 Rxb3+ 33. g3 Be4 34. Rxf7 Bf5+ 35. Kg2 Kg8 36. Rg7+ Kf8 37. h5 a4 38. h6 a3 39. Nf3 a2 40. Ne5 Rb2+ 41. Kf3 Rb3+ 42. Kf4 a1=Q 43. Nd7+ Ke8 44. f7+ Kxd7 45. f8=Q+ Kc6 46. Qc8+ Kb5 47. Rb7+ Ka4 48. Qa8# 1-0


[Site "https://www.chess.com"]

[Event "Titled Tuesday Blitz July 18 Early 2023"]
[White "Zampronha, Wladimir Camilo"]
[Black "KorolDimitriy75"]
[WhiteFideId "2103087"]
[WhiteElo "2281"]
[BlackElo "2402"]
[Result "0-1"]
[Round "7"]
[TimeControl "180+2"]
[Date "2023.07.18"]
[WhiteClock "0:00:02"]
[BlackClock "0:00:01"]
[Board "150"]

1. e4 c5 2. Nf3 d6 3. d4 cxd4 4. Nxd4 Nf6 5. Nc3 g6 6. Be3 Bg7 7. f3 O-O 8. Qd2 Nc6 9. Bc4 Bd7 10. O-O-O Qa5 11. Kb1 Rfc8 12. Bb3 Ne5 13. h4 b5 14. h5 Nc4 15. Bxc4 bxc4 16. Ka1 Rab8 17. Rb1 Rb6 18. g4 Ra6 19. hxg6 fxg6 20. Bg5 Qb4 21. Be3 Rb8 22. g5 Nh5 23. Rhg1 e5 24. Nde2 Be6 25. a3 Nf4 26. Nxf4 exf4 27. Bd4 Rxa3+ 28. bxa3 Qxa3+ 29. Na2 c3 30. Rxb8+ Kf7 31. Qxf4+ Ke7 32. Bf6+ Kd7 33. Rb7+ Kc8 34. Rb3 Bxb3 35. cxb3 Qb2# 0-1


[Site "https://www.chess.com"]

[Event "Titled Tuesday Blitz July 18 Early 2023"]
[White "Pershina, Elena"]
[Black "Goswami, Vedant"]
[WhiteFideId "24147516"]
[BlackFideId "5003725"]
[WhiteElo "2271"]
[BlackElo "2401"]
[Result "1-0"]
[Round "7"]
[TimeControl "180+2"]
[Date "2023.07.18"]
[WhiteClock "0:01:37"]
[BlackClock "0:01:54"]
[Board "151"]

1. c4 a6 2. d4 c6 3. e4 d5 4. cxd5 cxd5 5. e5 Nc6 6. Nc3 Bf5 7. g4 Bg6 8. h4 h5 9. e6 Nf6 10. Bd3 Qd6 11. Bxg6 Qxe6+ 12. Qe2 Qxe2+ 13. Ngxe2 fxg6 14. g5 Ne4 15. Nxd5 O-O-O 16. Nb6+ Kc7 17. Nc4 Nxd4 18. Bf4+ Nd6 19. Nxd4 b5 20. Nxd6 exd6 21. Ne6+ 1-0


[Site "https://www.chess.com"]

[Event "Titled Tuesday Blitz July 18 Early 2023"]
[White "arturdailima"]
[Black "Silva Lucena, Cristian"]
[BlackFideId "2232588"]
[WhiteElo "2264"]
[BlackElo "2395"]
[Result "1-0"]
[Round "7"]
[TimeControl "180+2"]
[Date "2023.07.18"]
[WhiteClock "0:02:29"]
[BlackClock "0:00:33"]
[Board "152"]

1. e4 e5 2. Nf3 Nc6 3. Bc4 Bc5 4. c3 Nf6 5. d4 exd4 6. e5 d5 7. Bb5 Ne4 8. cxd4 Bb6 9. Nc3 f5 10. exf6 Nxf6 11. O-O O-O 12. h3 Ne4 13. Bxc6 bxc6 14. Ne5 Nxc3 15. bxc3 Qf6 16. Be3 Ba5 17. Qa4 Bb6 18. Qxc6 Qxc6 19. Nxc6 Ba6 20. Rfe1 Bc4 21. Ne5 Bb5 22. a4 1-0


[Site "https://www.chess.com"]

[Event "Titled Tuesday Blitz July 18 Early 2023"]
[White "Chemin, Justo Reinaldo"]
[Black "Hoffmann, Asa"]
[WhiteFideId "2101580"]
[BlackFideId "2001470"]
[WhiteElo "2263"]
[BlackElo "2394"]
[Result "1/2-1/2"]
[Round "7"]
[TimeControl "180+2"]
[Date "2023.07.18"]
[WhiteClock "0:00:16"]
[BlackClock "0:00:50"]
[Board "153"]

1. e4 d6 2. d4 Nf6 3. Nc3 c6 4. f4 Qa5 5. Bd3 e5 6. Nf3 exd4 7. Nxd4 Qb6 8. Nf3 Be7 9. Qe2 O-O 10. e5 dxe5 11. fxe5 Nd5 12. Qe4 g6 13. Nxd5 cxd5 14. Qxd5 Be6 15. Qe4 Nc6 16. Bd2 Qxb2 17. O-O Qb6+ 18. Kh1 Rad8 19. Rab1 Qc7 20. Bh6 Rfe8 21. Rbe1 Bxa2 22. Qf4 Be6 23. h4 Nb4 24. Be4 Nd5 25. Qg3 Qd7 26. h5 Bf8 27. Bxf8 Rxf8 28. hxg6 hxg6 29. Bxg6 fxg6 30. Qxg6+ Kh8 31. Re4 Nf4 32. Rxf4 Rxf4 33. Qh6+ Qh7 34. Qxh7+ Kxh7 35. Ng5+ Kh8 36. Rxf4 Bd5 37. Nf7+ Bxf7 38. Rxf7 Re8 39. Rxb7 Rxe5 40. Rxa7 Rc5 41. Ra2 Rc3 42. Kg1 Kg7 43. Kf2 Kf6 44. Ke2 Ke5 45. Ra5+ Kd4 46. Ra4+ Kd5 47. Ra5+ Kd4 48. Ra4+ Kd5 49. Ra2 Kd4 50. Kf2 Ke5 51. g3 Kf5 52. Kg2 Kg4 53. Ra4+ Kf5 54. Rf4+ Kg5 55. Rf2 Kg4 56. Rd2 Rxg3+ 57. Kf2 Rc3 58. Ke2 Kf4 59. Kd1 Ke4 60. Rd3 Rxd3+ 61. cxd3+ Kxd3 1/2-1/2


[Site "https://www.chess.com"]

[Event "Titled Tuesday Blitz July 18 Early 2023"]
[White "Samarth J Rao"]
[Black "Romero Ruscalleda, Josep"]
[WhiteFideId "46652370"]
[BlackFideId "2231859"]
[WhiteElo "2263"]
[BlackElo "2392"]
[Result "1-0"]
[Round "7"]
[TimeControl "180+2"]
[Date "2023.07.18"]
[WhiteClock "0:02:42"]
[BlackClock "0:01:41"]
[Board "154"]

1. Nf3 g6 2. e4 Bg7 3. d4 d6 4. c4 Nc6 5. d5 Ne5 6. Nxe5 Bxe5 7. Be2 f5 8. exf5 Bxf5 9. Bd3 Qd7 10. Bxf5 Qxf5 11. Nd2 O-O-O 12. Nf3 Bg7 13. O-O Nf6 14. Re1 Rde8 15. Ng5 Bh6 16. Ne6 Bxc1 17. Rxc1 Ne4 18. Qd4 Kb8 19. Qxe4 1-0


[Site "https://www.chess.com"]

[Event "Titled Tuesday Blitz July 18 Early 2023"]
[White "Chernyavsky, Alexander"]
[Black "Zaichenko, Daria"]
[WhiteFideId "24131156"]
[BlackFideId "4197453"]
[WhiteElo "2389"]
[BlackElo "2256"]
[Result "1-0"]
[Round "7"]
[TimeControl "180+2"]
[Date "2023.07.18"]
[WhiteClock "0:01:11"]
[BlackClock "0:01:03"]
[Board "155"]

1. d4 d5 2. c4 e6 3. Nc3 Be7 4. Nf3 Nf6 5. g3 O-O 6. Bg2 Ne4 7. O-O c6 8. Nxe4 dxe4 9. Ne1 f5 10. f3 exf3 11. Nxf3 Bf6 12. Bf4 Nd7 13. Qd3 Qb6 14. Kh1 Qxb2 15. Rfb1 Nc5 16. Rxb2 Nxd3 17. exd3 c5 18. Be5 cxd4 19. Bxf6 Rxf6 20. Nxd4 e5 21. Nf3 e4 22. dxe4 fxe4 23. Ng5 e3 24. Bd5+ Kh8 25. Re1 g6 26. Rxe3 Bg4 27. Rxb7 1-0


[Site "https://www.chess.com"]

[Event "Titled Tuesday Blitz July 18 Early 2023"]
[White "Joshi, Pankaj"]
[Black "Rodriguez Santiago, Jaime"]
[WhiteFideId "5006210"]
[BlackFideId "3100898"]
[WhiteElo "2256"]
[BlackElo "2379"]
[Result "1-0"]
[Round "7"]
[TimeControl "180+2"]
[Date "2023.07.18"]
[WhiteClock "0:00:20"]
[BlackClock "0:00:29"]
[Board "156"]

1. e4 c6 2. d4 d5 3. exd5 cxd5 4. Bd3 Nc6 5. c3 Qc7 6. h3 g6 7. Nf3 Bf5 8. Be2 h5 9. O-O Nf6 10. Bg5 Bg7 11. Nbd2 Ne4 12. Nxe4 Bxe4 13. Nd2 Bf5 14. Bf3 Rd8 15. Re1 f6 16. Bh4 O-O 17. Nf1 Qd7 18. Ne3 Be6 19. c4 dxc4 20. d5 Qc8 21. Qb1 Nd4 22. dxe6 Nxf3+ 23. gxf3 g5 24. Qg6 Qxe6 25. Nf5 Qxf5 26. Qxf5 gxh4 27. Qxh5 Rd7 28. Kh1 e5 29. Rg1 Rff7 30. Rg6 Kf8 31. Rag1 b5 32. Qh7 a6 33. Qxh4 Rc7 34. Rxg7 Rxg7 35. Qh8+ 1-0


[Site "https://www.chess.com"]

[Event "Titled Tuesday Blitz July 18 Early 2023"]
[White "Omariev, Maksim"]
[Black "Putri, Regita Desyari"]
[WhiteFideId "4193423"]
[BlackFideId "7109083"]
[WhiteElo "2371"]
[BlackElo "2254"]
[Result "1-0"]
[Round "7"]
[TimeControl "180+2"]
[Date "2023.07.18"]
[WhiteClock "0:00:04"]
[BlackClock "0:00:00"]
[Board "157"]

1. g4 d5 2. Bg2 e5 3. d4 e4 4. c4 c6 5. Nc3 Bb4 6. h3 Ne7 7. Qb3 Bxc3+ 8. Qxc3 O-O 9. Bg5 f6 10. Bf4 Be6 11. e3 f5 12. g5 dxc4 13. Ne2 Nd5 14. Qd2 Na6 15. a3 b5 16. h4 b4 17. O-O Qb6 18. Rfc1 Rfe8 19. Be5 Bf7 20. Ng3 g6 21. Bf1 c3 22. bxc3 bxc3 23. Qc2 Nac7 24. Qa4 c5 25. Rab1 Qe6 26. Ne2 cxd4 27. Bxd4 Nb6 28. Qa5 Ncd5 29. Nxc3 Nxc3 30. Rxc3 f4 31. exf4 Qg4+ 32. Bg2 Qxf4 33. Rh3 Be6 34. Rh2 Nc4 35. Qc3 Nd2 36. Be3 Nf3+ 37. Bxf3 Qxf3 38. Qe5 Bg4 39. Qd5+ Be6 40. Qd4 Bh3 41. Rxh3 Qxh3 42. Rb7 Qg4+ 43. Kf1 Qh3+ 44. Ke1 Qh1+ 45. Ke2 Qf3+ 46. Kd2 Rad8 47. Rg7+ Kf8 48. Rd7 1-0


[Site "https://www.chess.com"]

[Event "Titled Tuesday Blitz July 18 Early 2023"]
[White "Alain_Otero"]
[Black "Thiel, Thomas"]
[BlackFideId "4615964"]
[WhiteElo "2370"]
[BlackElo "2243"]
[Result "1/2-1/2"]
[Round "7"]
[TimeControl "180+2"]
[Date "2023.07.18"]
[WhiteClock "0:00:07"]
[BlackClock "0:01:00"]
[Board "158"]

1. e4 d5 2. exd5 Nf6 3. Bb5+ Nbd7 4. Nc3 a6 5. Ba4 b5 6. Bb3 Nc5 7. Nge2 Bb7 8. O-O g6 9. d4 Nxb3 10. axb3 Bg7 11. Nf4 Nxd5 12. Nfxd5 Bxd5 13. Nxd5 Qxd5 14. c3 O-O 15. Re1 Rfe8 16. b4 e5 17. dxe5 Qxd1 18. Rxd1 Bxe5 19. Bg5 Bd6 20. Be3 Re6 21. Bd4 Rae8 22. g3 Bf8 23. Be3 Rc8 24. Ra5 c5 25. bxc5 Bxc5 26. Bxc5 Rxc5 27. Rd8+ Kg7 28. Ra8 Rf5 29. Kf1 Rd6 30. Re8 Rd1+ 31. Re1 Rd2 32. Re2 Rd1+ 33. Kg2 Rf6 34. f4 h5 35. h4 Rd3 36. Kf2 Rc6 37. Re3 Rd2+ 38. Re2 Rd3 39. Re7 Rd2+ 40. Re2 Rd3 1/2-1/2


[Site "https://www.chess.com"]

[Event "Titled Tuesday Blitz July 18 Early 2023"]
[White "Davidson, Kevin"]
[Black "K2JW"]
[WhiteFideId "2056810"]
[WhiteElo "2368"]
[BlackElo "2358"]
[Result "0-1"]
[Round "7"]
[TimeControl "180+2"]
[Date "2023.07.18"]
[WhiteClock "0:00:00"]
[BlackClock "0:00:22"]
[Board "159"]

1. e4 c6 2. d4 d5 3. e5 Bf5 4. h4 h5 5. Bg5 Qb6 6. Bd3 Bxd3 7. Qxd3 Qa6 8. Qf3 e6 9. Ne2 c5 10. c3 Nc6 11. Nd2 Qb6 12. O-O cxd4 13. cxd4 Nge7 14. Nb3 Nf5 15. Rfd1 a5 16. Rac1 a4 17. Nc5 Bxc5 18. dxc5 Qc7 19. Nf4 Nxe5 20. Qe2 f6 21. Nxe6 Qd7 22. Nf4 d4 23. Ng6 Kf7 24. Nxh8+ Rxh8 25. Bf4 Ng6 26. Bg3 Ngxh4 27. Bxh4 Nxh4 28. Qc4+ Qe6 29. Qxe6+ Kxe6 30. Rxd4 Nf5 31. Re1+ Kf7 32. Rd7+ Kg6 33. Rxb7 Rc8 34. Rc1 Nd4 35. Kf1 Rc6 36. Rb6 Rc7 37. c6 h4 38. Rc4 h3 39. gxh3 Nf3 40. Kg2 Ne5 41. Rc5 Nd3 42. Rc3 Nf4+ 43. Kf3 Nd5 0-1


[Site "https://www.chess.com"]

[Event "Titled Tuesday Blitz July 18 Early 2023"]
[White "campochess"]
[Black "Topalov, Aleksandar"]
[BlackFideId "925659"]
[WhiteElo "2135"]
[BlackElo "2365"]
[Result "1/2-1/2"]
[Round "7"]
[TimeControl "180+2"]
[Date "2023.07.18"]
[WhiteClock "0:00:24"]
[BlackClock "0:00:06"]
[Board "160"]

1. Nc3 d5 2. d4 Bf5 3. Bf4 c6 4. f3 h5 5. e4 dxe4 6. fxe4 Bg4 7. Be2 Nf6 8. e5 Bxe2 9. Qxe2 Nd5 10. Nxd5 Qxd5 11. Nf3 e6 12. O-O Be7 13. c4 Qd7 14. Rad1 Na6 15. Qe4 Nc7 16. Rd2 O-O-O 17. Rfd1 f5 18. exf6 Bxf6 19. Bxc7 Kxc7 20. d5 exd5 21. cxd5 Rhe8 22. Qf4+ Qd6 23. Qxd6+ Rxd6 24. dxc6 Rxd2 25. Rxd2 Kxc6 26. Kf1 Re4 27. b3 b5 28. Ne1 Bc3 29. Re2 Rf4+ 30. Nf3 g5 31. Rc2 b4 32. Ke2 g4 33. Nd2 Kd5 34. Nc4 h4 35. Rc1 Re4+ 36. Kf1 g3 37. hxg3 hxg3 38. Rd1+ Kc5 39. Nd6 Rf4+ 40. Ke2 Rf2+ 41. Ke3 Rxg2 42. Ne4+ Kb5 43. a4+ Ka5 44. Rd5+ Kb6 45. a5+ Kb7 46. Kf3 Rg1 47. Nxg3 Ra1 48. Ne4 Kc6 49. Rc5+ Kb7 50. Nxc3 bxc3 51. Rxc3 Rxa5 52. Ke4 Ra1 53. Kd4 Rd1+ 54. Kc4 Rd6 55. Kb5 Rb6+ 56. Ka4 Ra6+ 57. Kb4 Rb6+ 58. Ka4 Rc6 59. Re3 Ra6+ 60. Kb4 Rb6+ 61. Ka4 Ra6+ 62. Kb4 Rb6+ 63. Ka4 Ra6+ 1/2-1/2


[Site "https://www.chess.com"]

[Event "Titled Tuesday Blitz July 18 Early 2023"]
[White "Senft, Sean"]
[Black "Tqebuchava, Zurab"]
[WhiteFideId "2044960"]
[BlackFideId "13601113"]
[WhiteElo "2361"]
[BlackElo "2120"]
[Result "1-0"]
[Round "7"]
[TimeControl "180+2"]
[Date "2023.07.18"]
[WhiteClock "0:00:04"]
[BlackClock "0:00:02"]
[Board "161"]

1. d4 d6 2. c4 Nf6 3. Nc3 Nbd7 4. e4 e5 5. d5 g6 6. Be2 Bg7 7. Be3 O-O 8. h3 b6 9. Nf3 Nc5 10. Qc2 a5 11. g4 Ne8 12. O-O-O a4 13. Rhg1 a3 14. b3 Kh8 15. h4 f5 16. h5 fxg4 17. Ng5 Rf4 18. hxg6 Qxg5 19. gxh7 Nf6 20. Rg2 Bd7 21. Rdg1 Rf8 22. f3 Qg6 23. Bxf4 exf4 24. Bd3 g3 25. Ne2 Nxd3+ 26. Qxd3 Nh5 27. Rh1 Qg5 28. Qd2 Qe5 29. Kd1 Be8 30. Qc1 Bg6 31. Qxa3 Qa1+ 32. Qc1 Qxa2 33. Qc2 Qa1+ 34. Qc1 Qe5 35. Rh4 Ra8 36. Rg4 Ra1 37. Rxg6 Rxc1+ 38. Kxc1 Qa1+ 39. Kd2 Qb2+ 40. Kd1 Qxb3+ 41. Kd2 Qxc4 42. Rg5 Qb4+ 43. Kd1 Qb1+ 44. Kd2 Qa2+ 45. Kd1 Qa4+ 46. Kd2 Qa5+ 47. Kd1 Qa1+ 48. Kd2 Qa2+ 49. Kd1 b5 50. Rxh5 b4 51. Nxf4 Qb1+ 52. Ke2 b3 53. Ng6# 1-0


[Site "https://www.chess.com"]

[Event "Titled Tuesday Blitz July 18 Early 2023"]
[White "Wernberg, Hugo"]
[Black "ogpin"]
[WhiteFideId "1737511"]
[WhiteElo "2360"]
[BlackElo "2081"]
[Result "1-0"]
[Round "7"]
[TimeControl "180+2"]
[Date "2023.07.18"]
[WhiteClock "0:00:01"]
[BlackClock "0:00:00"]
[Board "162"]

1. d4 Nf6 2. c4 e6 3. Nf3 b6 4. g3 Bb7 5. Bg2 Be7 6. O-O O-O 7. Re1 Ne4 8. Nfd2 f5 9. Nxe4 fxe4 10. d5 Bc5 11. e3 Qf6 12. Qd2 Na6 13. a3 exd5 14. cxd5 Rae8 15. Nc3 Qf5 16. b4 Bd6 17. Bb2 h5 18. Rad1 h4 19. Nb5 h3 20. Bh1 Be5 21. Rf1 c6 22. Bxe5 Rxe5 23. dxc6 Bxc6 24. Nd4 Qf6 25. Nxc6 dxc6 26. Qa2+ Kh8 27. Rd7 Re7 28. Qd2 Nb8 29. Rxe7 Qxe7 30. Rd1 Qf6 31. Qc2 Re8 32. Bxe4 Qe5 33. Bh1 Na6 34. Qe2 Nc7 35. Qg4 Qe6 36. Qxe6 Rxe6 37. Bf3 Nb5 38. Bg4 Re5 39. Rd8+ Kh7 40. Rd7 Nxa3 41. Rxa7 Nc4 42. Bxh3 Rb5 43. Rc7 Ne5 44. Bg2 Rxb4 45. f4 Nd3 46. Bxc6 1-0


[Site "https://www.chess.com"]

[Event "Titled Tuesday Blitz July 18 Early 2023"]
[White "Larina, Maria"]
[Black "Skiadopoulos, Nikolaos"]
[WhiteFideId "24113182"]
[BlackFideId "4200772"]
[WhiteElo "2210"]
[BlackElo "1917"]
[Result "1-0"]
[Round "7"]
[TimeControl "180+2"]
[Date "2023.07.18"]
[WhiteClock "0:00:09"]
[BlackClock "0:00:00"]
[Board "163"]

1. e4 c5 2. Nc3 Nc6 3. g3 e6 4. Bg2 Nge7 5. Nf3 Ng6 6. d4 cxd4 7. Nxd4 Bc5 8. Ndb5 O-O 9. h4 a6 10. Nd6 b5 11. h5 Nge5 12. h6 g6 13. O-O Bxd6 14. Qxd6 Qe7 15. Qd1 Bb7 16. f4 Qc5+ 17. Kh2 Nc4 18. e5 Rad8 19. Ne4 Qe7 20. b3 N4xe5 21. fxe5 Nxe5 22. Bg5 f6 23. Rxf6 Bxe4 24. Rxf8+ Qxf8 25. Bxe4 Rc8 26. Bf4 Nf7 27. Qd4 d5 28. Bd3 Nxh6 29. Kg2 Nf5 30. Qe5 1-0


[Site "https://www.chess.com"]

[Event "Titled Tuesday Blitz July 18 Early 2023"]
[White "Feliz Dotel, Dewar Bienvenido"]
[Black "Ionescu, Mihai"]
[WhiteFideId "6402801"]
[BlackFideId "1202499"]
[WhiteElo "2057"]
[BlackElo "2521"]
[Result "1-0"]
[Round "7"]
[TimeControl "180+2"]
[Date "2023.07.18"]
[WhiteClock "0:00:13"]
[BlackClock "0:00:00"]
[Board "164"]

1. d4 Nf6 2. e3 e6 3. Nf3 b6 4. Bd3 Bb7 5. b3 g6 6. Bb2 Bg7 7. O-O O-O 8. Nbd2 d5 9. b4 Ne4 10. c4 Nxd2 11. Nxd2 dxc4 12. Bxc4 c5 13. bxc5 bxc5 14. Nf3 cxd4 15. Bxd4 Bxd4 16. Nxd4 Qf6 17. Be2 e5 18. Nf3 Nc6 19. Rb1 Qe7 20. Qa4 Rad8 21. Rfd1 Ba8 22. Bb5 Nb8 23. Be2 Rc8 24. Rbc1 Rxc1 25. Rxc1 Rd8 26. Qa5 e4 27. Nd4 Kg7 28. Rc7 Rd7 29. Rxd7 Qxd7 30. Qc3 Nc6 31. Ne6+ 1-0


[Site "https://www.chess.com"]

[Event "Titled Tuesday Blitz July 18 Early 2023"]
[White "Merino Garcia, Rafael II"]
[Black "Dubreuil, Julien"]
[WhiteFideId "2209128"]
[BlackFideId "621285"]
[WhiteElo "2381"]
[BlackElo "2347"]
[Result "0-1"]
[Round "7"]
[TimeControl "180+2"]
[Date "2023.07.18"]
[WhiteClock "0:00:45"]
[BlackClock "0:00:42"]
[Board "165"]

1. d4 d5 2. Nf3 Nf6 3. c4 e6 4. e3 c5 5. Nc3 a6 6. a3 Nbd7 7. cxd5 exd5 8. Be2 c4 9. O-O Bd6 10. Nd2 O-O 11. e4 Nxe4 12. Ndxe4 dxe4 13. Bxc4 Nf6 14. h3 Bc7 15. Ne2 b5 16. Bb3 Bb7 17. Bg5 Rc8 18. Rc1 Qd6 19. Bf4 Qd7 20. Qd2 Rfe8 21. Rc5 Bxf4 22. Qxf4 Bd5 23. Bxd5 Nxd5 24. Qg5 Rcd8 25. Rfc1 h6 26. Qh5 Re6 27. Ng3 Nf4 28. Qg4 Nd3 29. Rc7 Nxc1 30. Rxd7 Rxd7 31. Nf5 g6 32. Nxh6+ Kf8 33. d5 Rxd5 34. Qf4 Ne2+ 0-1


[Site "https://www.chess.com"]

[Event "Titled Tuesday Blitz July 18 Early 2023"]
[White "Villarreal, Agustin"]
[Black "Holtel, Jasper"]
[WhiteFideId "125687"]
[BlackFideId "12956376"]
[WhiteElo "2369"]
[BlackElo "2290"]
[Result "0-1"]
[Round "7"]
[TimeControl "180+2"]
[Date "2023.07.18"]
[WhiteClock "0:00:00"]
[BlackClock "0:00:15"]
[Board "166"]

1. e4 e6 2. d4 d5 3. Nd2 Nf6 4. e5 Nfd7 5. Bd3 c5 6. c3 Nc6 7. Ne2 cxd4 8. cxd4 f6 9. exf6 Nxf6 10. O-O Bd6 11. Nf3 Qc7 12. b3 O-O 13. Bb2 Nh5 14. Ng3 Nf4 15. Rc1 Nxd3 16. Qxd3 Qe7 17. Rfe1 Bd7 18. Re2 Rf7 19. Rce1 Raf8 20. Bc1 h6 21. Ne5 Nxe5 22. dxe5 Bc5 23. Be3 a6 24. Rc2 Bxe3 25. Qxe3 Bc6 26. f3 Qb4 27. Rec1 d4 28. Qd3 Bb5 29. Qe4 d3 30. Rf2 Rd8 31. Qxb4 d2 32. Rd1 Rc7 33. Rfxd2 Rxd2 34. Rxd2 Rc1+ 35. Kf2 Kh7 36. Qe4+ g6 37. Nh5 Rf1+ 38. Kg3 Kh8 39. Rd8+ Kh7 40. Nf6+ Kg7 0-1


[Site "https://www.chess.com"]